| TOP OF THE 1ST |
|
California State University at Fullerton Titans batting - Pitching for University of Maine Black Bears : RHP Tomoaki Sumi
|
|
Pitching: RHP Tomoaki Sumi
|
|
|
Batting: LHB Jim Snell
|
0-0: Foul Ball, location: 2F 0-1: Ball 1-1: Foul Ball, location: 2F 1-2: Ball 2-2: Strikes out swinging
|
|
Batting: RHB Simon Sultzbach
|
0-0: Ball 1-0: Ball 2-0: Foul Ball, location: 2F 2-1: Ball 3-1: Ground out 5-3 (Groundball, 5, EV 84.4 MPH)
|
|
Batting: LHB Alberto Aguilar
|
0-0: Called Strike 0-1: Ball 1-1: Swinging Strike 1-2: Ball 2-2: Strikes out swinging
|
| Top of the 1st over - 0 runs, 0 hits, 0 errors, 0 left on base; California State University at Fullerton 0 - University of Maine 0 |
| BOTTOM OF THE 1ST |
|
University of Maine Black Bears batting - Pitching for California State University at Fullerton Titans : LHP Malcolm Mcquade
|
|
Pitching: LHP Malcolm Mcquade
|
|
|
Batting: RHB Wang Huan
|
0-0: Swinging Strike 0-1: Called Strike 0-2: SINGLE (Groundball, 6M, EV 103.8 MPH) (infield hit)
|
|
Batting: LHB Dave Aguilar
|
0-0: Swinging Strike 0-1: Fielders Choice at 2nd, 5-4 (Groundball, 56S, EV 82.5 MPH)
|
|
Batting: SHB Mario Barajas
|
0-0: Ball 1-0: Called Strike 1-1: Ball 2-1: Ball 3-1: Foul Ball, location: 2F 3-2: Foul Ball, location: 2F 3-2: Base on Balls Dave Aguilar to second
|
|
Batting: LHB Taro Inamine
|
0-0: Called Strike 0-1: Foul Ball, location: 2F 0-2: Foul Ball, location: 2F 0-2: Grounds into double play, 4-6-3 (Groundball, 4S, EV 81.2 MPH)
|
| Bottom of the 1st over - 0 runs, 1 hit, 0 errors, 1 left on base; California State University at Fullerton 0 - University of Maine 0 |
| TOP OF THE 2ND |
|
California State University at Fullerton Titans batting - Pitching for University of Maine Black Bears : RHP Tomoaki Sumi
|
|
Batting: RHB Justin Thomas
|
0-0: Swinging Strike 0-1: Foul Ball, location: 2F 0-2: Strikes out looking
|
|
Batting: LHB John Blumberg
|
0-0: SINGLE (Groundball, 56, EV 104.4 MPH)
|
|
Batting: LHB Steve Lane
|
0-0: Called Strike 0-1: Foul Ball, location: 2F 0-2: Ball 1-2: Foul Ball, location: 2F 1-2: Ball 2-2: Strikes out swinging
|
|
Batting: SHB John Loechel
|
0-0: Swinging Strike 0-1: Ball 1-1: Called Strike 1-2: Foul Ball, location: 2F 1-2: Strikes out looking
|
| Top of the 2nd over - 0 runs, 1 hit, 0 errors, 1 left on base; California State University at Fullerton 0 - University of Maine 0 |
| BOTTOM OF THE 2ND |
|
University of Maine Black Bears batting - Pitching for California State University at Fullerton Titans : LHP Malcolm Mcquade
|
|
Batting: RHB Geoffrey Gonzalez
|
0-0: Ball 1-0: Swinging Strike 1-1: Ball 2-1: Ball 3-1: Foul Ball, location: 2F 3-2: Foul Ball, location: 2F 3-2: Fly out, F7 (Flyball, 7LM, EV 95.6 MPH)
|
|
Batting: RHB Rewa Havika
|
0-0: Ball 1-0: Fly out, F9 (Line Drive, 89M, EV 93.1 MPH)
|
|
Batting: LHB Ed Leighton
|
0-0: Ball 1-0: Swinging Strike 1-1: Called Strike 1-2: Foul Ball, location: 2F 1-2: Ball 2-2: Ball 3-2: Base on Balls
|
|
Batting: RHB Pita Arnurna
|
0-0: Called Strike 0-1: Ball 1-1: Ball 2-1: Called Strike 2-2: Strikes out swinging
|
| Bottom of the 2nd over - 0 runs, 0 hits, 0 errors, 1 left on base; California State University at Fullerton 0 - University of Maine 0 |
| TOP OF THE 3RD |
|
California State University at Fullerton Titans batting - Pitching for University of Maine Black Bears : RHP Tomoaki Sumi
|
|
Batting: RHB Alex Freyre
|
0-0: Called Strike 0-1: Called Strike 0-2: Foul Ball, location: 2F 0-2: SINGLE (Groundball, 13, EV 86.9 MPH) (infield hit)
|
|
Batting: RHB Takayashi Hori
|
0-0: Ball 1-0: Called Strike Alex Freyre steals 2nd, throwing error, E2 Alex Freyre to third 1-1: Ground out 5-3 (Groundball, 56, EV 84.4 MPH) Alex Freyre scores
|
|
Batting: LHB Jim Snell
|
0-0: Called Strike 0-1: Swinging Strike 0-2: Strikes out swinging
|
|
Batting: RHB Simon Sultzbach
|
0-0: Foul Ball, location: 2F 0-1: Called Strike 0-2: Ball 1-2: Foul Ball, location: 2F 1-2: SINGLE (Groundball, 6M, EV 95.0 MPH)
|
|
Batting: LHB Alberto Aguilar
|
0-0: Called Strike 0-1: Foul Ball, location: 2F 0-2: Strikes out swinging
|
| Top of the 3rd over - 1 run, 2 hits, 1 error, 1 left on base; California State University at Fullerton 1 - University of Maine 0 |
| BOTTOM OF THE 3RD |
|
University of Maine Black Bears batting - Pitching for California State University at Fullerton Titans : LHP Malcolm Mcquade
|
|
Batting: LHB John Bergeron
|
0-0: Called Strike 0-1: Ball 1-1: Ball 2-1: Swinging Strike 2-2: Foul Ball, location: 2F 2-2: Strikes out looking
|
|
Batting: RHB Wang Huan
|
0-0: Swinging Strike 0-1: Ball 1-1: Foul Ball, location: 2F 1-2: Fly out, F9 (Line Drive, 89S, EV 91.9 MPH)
|
|
Batting: LHB Dave Aguilar
|
0-0: DOUBLE (Line Drive, 89M, EV 95.6 MPH)
|
|
Batting: SHB Mario Barajas
|
0-0: Called Strike 0-1: Foul Ball, location: 2F 0-2: Ball 1-2: Ball 2-2: Ground out U3 (Groundball, 3, EV 100.0 MPH)
|
| Bottom of the 3rd over - 0 runs, 1 hit, 0 errors, 1 left on base; California State University at Fullerton 1 - University of Maine 0 |
| TOP OF THE 4TH |
|
California State University at Fullerton Titans batting - Pitching for University of Maine Black Bears : RHP Tomoaki Sumi
|
|
Batting: RHB Justin Thomas
|
0-0: Called Strike 0-1: Ball 1-1: Ball 2-1: Called Strike 2-2: Strikes out looking
|
|
Batting: LHB John Blumberg
|
0-0: Foul Ball, location: 2F 0-1: Ground out U3 (Groundball, 3, EV 87.5 MPH)
|
|
Batting: LHB Steve Lane
|
0-0: Ball 1-0: Foul Ball, location: 2F 1-1: Foul Ball, location: 2F 1-2: Fly out, F9 (Flyball, 9D, EV 95.0 MPH)
|
| Top of the 4th over - 0 runs, 0 hits, 0 errors, 0 left on base; California State University at Fullerton 1 - University of Maine 0 |
| BOTTOM OF THE 4TH |
|
University of Maine Black Bears batting - Pitching for California State University at Fullerton Titans : LHP Malcolm Mcquade
|
|
Batting: LHB Taro Inamine
|
0-0: Called Strike 0-1: Ball 1-1: Foul Ball, location: 2F 1-2: Ball 2-2: Foul Ball, location: 2F 2-2: Ball 3-2: Base on Balls
|
|
Batting: RHB Geoffrey Gonzalez
|
0-0: Fielders Choice at 2nd, 4-6 (Groundball, 34, EV 79.4 MPH)
|
|
Batting: RHB Rewa Havika
|
0-0: Ball 1-0: Ball 2-0: Swinging Strike 2-1: Swinging Strike 2-2: Strikes out swinging
|
|
Pitching: RHP Jordan Vasquez
|
|
|
Batting: LHB Ed Leighton
|
0-0: Ball 1-0: Foul Ball, location: 2F 1-1: Ball 2-1: Called Strike 2-2: Foul Ball, location: 2F 2-2: Ball 3-2: 2-RUN HOME RUN (Flyball, 9D, EV 98.1 MPH), Distance : 389 ft
|
|
Batting: RHB Pita Arnurna
|
0-0: Ball 1-0: Ball 2-0: Ball 3-0: Called Strike 3-1: Base on Balls
|
|
Batting: LHB John Bergeron
|
0-0: Ball 1-0: Ball 2-0: Called Strike 2-1: Foul Ball, location: 2F 2-2: Ball 3-2: Strikes out swinging
|
| Bottom of the 4th over - 2 runs, 1 hit, 0 errors, 1 left on base; California State University at Fullerton 1 - University of Maine 2 |
| TOP OF THE 5TH |
|
California State University at Fullerton Titans batting - Pitching for University of Maine Black Bears : RHP Tomoaki Sumi
|
|
Batting: SHB John Loechel
|
0-0: Called Strike 0-1: Ball 1-1: Foul Ball, location: 2F 1-2: Strikes out swinging
|
|
Batting: RHB Alex Freyre
|
0-0: Ball 1-0: Foul Ball, location: 2F 1-1: Foul Ball, location: 2F 1-2: Foul Ball, location: 2F 1-2: Foul Ball, location: 2F 1-2: Ball 2-2: Foul Ball, location: 2F 2-2: Ground out 3-1 (Groundball, 34, EV 80.0 MPH)
|
|
Batting: RHB Takayashi Hori
|
0-0: Called Strike 0-1: Swinging Strike 0-2: Strikes out looking
|
| Top of the 5th over - 0 runs, 0 hits, 0 errors, 0 left on base; California State University at Fullerton 1 - University of Maine 2 |
| BOTTOM OF THE 5TH |
|
University of Maine Black Bears batting - Pitching for California State University at Fullerton Titans : RHP Jordan Vasquez
|
|
Batting: RHB Wang Huan
|
0-0: Foul Ball, location: 2F 0-1: Ground out 4-3 (Groundball, 4, EV 83.8 MPH)
|
|
Batting: LHB Dave Aguilar
|
0-0: Ball 1-0: Ball 2-0: Called Strike 2-1: DOUBLE (Line Drive, 7LS, EV 105.0 MPH)
|
|
Batting: SHB Mario Barajas
|
0-0: Ball 1-0: Called Strike 1-1: Ball 2-1: Hit by Pitch
|
|
Pitching: RHP Jorge Garza
|
|
|
Batting: LHB Taro Inamine
|
0-0: Ball Dave Aguilar is caught stealing 3rd base 2-5 1-0: Swinging Strike 1-1: Ground out 4-3 (Groundball, 4S, EV 84.4 MPH)
|
| Bottom of the 5th over - 0 runs, 1 hit, 0 errors, 1 left on base; California State University at Fullerton 1 - University of Maine 2 |
| TOP OF THE 6TH |
|
California State University at Fullerton Titans batting - Pitching for University of Maine Black Bears : RHP Tomoaki Sumi
|
|
Batting: LHB Jim Snell
|
0-0: Ball 1-0: Ball 2-0: Foul Ball, location: 2F 2-1: Foul Ball, location: 2F 2-2: Strikes out swinging
|
|
Pitching: RHP Chance Crawford
|
|
|
Batting: RHB Simon Sultzbach
|
0-0: Called Strike 0-1: Foul Ball, location: 2F 0-2: Ball 1-2: Strikes out looking
|
|
Batting: LHB Alberto Aguilar
|
0-0: Called Strike 0-1: Ball 1-1: Swinging Strike 1-2: Foul Ball, location: 2F 1-2: Fly out, F7 (Flyball, 7, EV 95.6 MPH)
|
| Top of the 6th over - 0 runs, 0 hits, 0 errors, 0 left on base; California State University at Fullerton 1 - University of Maine 2 |
| BOTTOM OF THE 6TH |
|
University of Maine Black Bears batting - Pitching for California State University at Fullerton Titans : RHP Jorge Garza
|
|
Batting: RHB Geoffrey Gonzalez
|
0-0: Called Strike 0-1: Foul Ball, location: 2F 0-2: Ground out 4-3 (Groundball, 4, EV 103.1 MPH)
|
|
Batting: RHB Rewa Havika
|
0-0: Fly out, F7 (Flyball, 7D, EV 90.6 MPH)
|
|
Batting: LHB Ed Leighton
|
0-0: Foul Ball, location: 2F 0-1: Ball 1-1: Swinging Strike 1-2: Foul Ball, location: 2F 1-2: Ball 2-2: Ball 3-2: Foul Ball, location: 2F 3-2: Foul Ball, location: 2F 3-2: SOLO HOME RUN (Flyball, 9LD, EV 99.4 MPH), Distance : 380 ft
|
|
Batting: RHB Pita Arnurna
|
0-0: Called Strike 0-1: Foul Ball, location: 2F 0-2: Foul Ball, location: 2F 0-2: Strikes out swinging
|
| Bottom of the 6th over - 1 run, 1 hit, 0 errors, 0 left on base; California State University at Fullerton 1 - University of Maine 3 |
| TOP OF THE 7TH |
|
California State University at Fullerton Titans batting - Pitching for University of Maine Black Bears : RHP Chance Crawford
|
|
Batting: RHB Justin Thomas
|
0-0: Foul Ball, location: 2F 0-1: Foul Ball, location: 2F 0-2: Strikes out swinging
|
|
Batting: LHB John Blumberg
|
0-0: Ball 1-0: Foul Ball, location: 2F 1-1: Called Strike 1-2: Ball 2-2: Ball 3-2: Base on Balls
|
|
Batting: LHB Steve Lane
|
0-0: Ball 1-0: Ball 2-0: Ball 3-0: Called Strike 3-1: SINGLE (Groundball, 13, EV 86.9 MPH) (infield hit) John Blumberg to second
|
|
Batting: SHB John Loechel
|
0-0: Swinging Strike 0-1: Ball 1-1: Foul Ball, location: 2F 1-2: Ball 2-2: Foul Ball, location: 2F 2-2: Strikes out swinging
|
|
Batting: RHB Alex Freyre
|
0-0: Called Strike 0-1: Swinging Strike 0-2: Strikes out swinging
|
| Top of the 7th over - 0 runs, 1 hit, 0 errors, 2 left on base; California State University at Fullerton 1 - University of Maine 3 |
| BOTTOM OF THE 7TH |
|
University of Maine Black Bears batting - Pitching for California State University at Fullerton Titans : RHP Jorge Garza
|
|
Pitching: LHP David Garcia
|
|
|
Batting: LHB John Bergeron
|
0-0: Called Strike 0-1: Swinging Strike 0-2: Strikes out swinging
|
|
Batting: RHB Wang Huan
|
0-0: Ball 1-0: Ground out 3-1 (Groundball, 34, EV 81.2 MPH)
|
|
Batting: LHB Dave Aguilar
|
0-0: Swinging Strike 0-1: Swinging Strike 0-2: Foul Ball, location: 2F 0-2: Ball 1-2: SINGLE (Groundball, 4MD, EV 96.2 MPH)
|
|
Batting: SHB Mario Barajas
|
0-0: Ball 1-0: Foul Ball, location: 2F 1-1: Ball Wild Pitch! Dave Aguilar to second 2-1: Foul Ball, location: 2F 2-2: Ball 3-2: Strikes out swinging
|
| Bottom of the 7th over - 0 runs, 1 hit, 0 errors, 1 left on base; California State University at Fullerton 1 - University of Maine 3 |
| TOP OF THE 8TH |
|
California State University at Fullerton Titans batting - Pitching for University of Maine Black Bears : RHP Chance Crawford
|
|
Batting: RHB Takayashi Hori
|
0-0: Called Strike 0-1: Called Strike 0-2: Ground out 4-3 (Groundball, 4, EV 91.2 MPH)
|
|
Batting: LHB Jim Snell
|
0-0: Ground out 1-3 (Groundball, 34S, EV 73.1 MPH)
|
|
Batting: RHB Simon Sultzbach
|
0-0: Ball 1-0: Ball 2-0: Called Strike 2-1: Called Strike 2-2: Foul Ball, location: 2F 2-2: Fly out, F8 (Flyball, 8RD, EV 93.1 MPH)
|
| Top of the 8th over - 0 runs, 0 hits, 0 errors, 0 left on base; California State University at Fullerton 1 - University of Maine 3 |
| BOTTOM OF THE 8TH |
|
University of Maine Black Bears batting - Pitching for California State University at Fullerton Titans : LHP David Garcia
|
|
Pitching: RHP Jaime Zapata
|
|
|
Batting: LHB Taro Inamine
|
0-0: Ball 1-0: Called Strike 1-1: Ball 2-1: Ball 3-1: Called Strike 3-2: Base on Balls
|
|
Batting: RHB Geoffrey Gonzalez
|
0-0: Ball 1-0: Ball 2-0: Swinging Strike 2-1: Swinging Strike 2-2: Foul Ball, location: 2F 2-2: Strikes out swinging
|
|
Batting: RHB Rewa Havika
|
0-0: SINGLE (Groundball, 34, EV 85.0 MPH) (infield hit) Taro Inamine to second
|
|
Batting: LHB Ed Leighton
|
0-0: Called Strike 0-1: Swinging Strike 0-2: Foul Ball, location: 2F 0-2: Ball 1-2: Fielders Choice at 2nd, 6-4 (Groundball, 6, EV 105.6 MPH) Taro Inamine to third
|
|
Pitching: RHP T.J. Keenan
|
|
|
Batting: RHB Pita Arnurna
|
0-0: Ball 1-0: Ball 2-0: Called Strike 2-1: Foul Ball, location: 2F 2-2: Ball 3-2: Strikes out swinging
|
| Bottom of the 8th over - 0 runs, 1 hit, 0 errors, 2 left on base; California State University at Fullerton 1 - University of Maine 3 |
| TOP OF THE 9TH |
|
California State University at Fullerton Titans batting - Pitching for University of Maine Black Bears : RHP Chance Crawford
|
|
Pitching: RHP Daniel Graves
|
|
|
Now at 1B: Mario Barajas
|
|
|
Now at 3B: Rewa Havika
|
|
|
Now in LF: Scott Snyder
|
|
|
Batting: LHB Alberto Aguilar
|
0-0: Called Strike 0-1: Called Strike 0-2: Strikes out swinging
|
|
Batting: RHB Justin Thomas
|
0-0: Called Strike 0-1: Ball 1-1: Ball 2-1: Foul Ball, location: 2F 2-2: Strikes out swinging
|
|
Batting: LHB John Blumberg
|
0-0: Ball 1-0: Fly out, F8 (Flyball, 8LXD, EV 100.0 MPH)
|
| Top of the 9th over - 0 runs, 0 hits, 0 errors, 0 left on base; California State University at Fullerton 1 - University of Maine 3 |
|